 Dungeon Sprint DCSS version 0.28.0-43-g3370ac3207 (webtiles) character file.

Game seed: 16476944471811785723

18815 boopmooplesden the Executioner (level 12, -2/111 (120) HPs)
             Began as a Minotaur Berserker on Mar 15, 2022.
             Was the Champion of Trog.
             Slain by a golden dragon (3 damage)
             ... in the Dungeon (Sprint I: "Red Sonja").
             The game lasted 00:10:10 (3614 turns).

boopmooplesden the Executioner (Minotaur Berserker) Turns: 3614, Time: 00:10:11

HP:   -2/111 (120)  AC: 34    Str: 25 (26) XL:     12   Next: 31%
MP:   8/8           EV:  8    Int:  1 (4)  God:    Trog [******]
Gold: 1737          SH:  0    Dex: 12 (13) Spells: 11/11 levels left

rFire   + . .      SeeInvis .   F - +3 triple sword (flame)
rCold   + . .      Faith    .   (shield currently unavailable)
rNeg    . . .      Spirit   .   D - +9 scales of the Dragon King {rPois rF+ rC+ Will+}
rPois   +          Reflect  .   (helmet restricted)
rElec   .          Harm     .   E - +2 cloak {Stlth+}
rCorr   .          Rampage  .   (no gloves)
Will    ++...      Rage     1%  z - +2 pair of boots
Stlth   .......... NoTele   +   y - amulet of the acrobat
HPRegen 0.28/turn               o - +4 ring of slaying
MPRegen 0.11/turn               (no ring)

@: on berserk cooldown, slowed, drained, unable to read, very slow
A: horns 2, retaliatory headbutt, talons 1, agile 1, berserk 1, deterioration 1,
frail 1, low MP 2, strong-willed 1, screaming 1, no potion heal 1, inability to
read while threatened
a: Renounce Religion, Berserk, Trog's Hand, Brothers in Arms


You were in the Dungeon.
You worshipped Trog.
Trog was exalted by your worship.
You visited 1 branch You collected 4099 gold pieces.
You spent 2362 gold pieces at shops.

Inventory:

Hand Weapons
 a - a +0 hand axe
 p - a +2 executioner's axe of draining
 t - a +4 battleaxe
 F - a +3 triple sword of flaming (weapon)
Armour
 b - a +0 animal skin
 k - a +2 leather armour of fire resistance
 z - a +2 pair of boots (worn)
 D - the +9 scales of the Dragon King (worn) {rPois rF+ rC+ Will+}
   (You bought it in a shop in the Dungeon)

   rF:        It protects you from fire.
   rC:        It protects you from cold.
   rPois:     It protects you from poison.
   Will:      It increases your willpower.
 E - a +2 cloak of stealth (worn)
 H - the +2 ring mail "Ujuh" {rElec rF- Str+7}
   (You bought it in a shop in the Dungeon)

   Str:       It affects your strength (+7).
   rF:        It makes you vulnerable to fire.
   rElec:     It insulates you from electricity.
Jewellery
 o - a +4 ring of slaying (left hand)
 y - an amulet of the acrobat (around neck)
Wands
 i - a wand of paralysis (5)
 r - a wand of charming (2)
 A - a wand of iceblast (7)
Scrolls
 h - a scroll of blinking
 l - 7 scrolls of identify {unknown}
 q - a scroll of vulnerability {unknown}
 v - 2 scrolls of holy word {unknown}
 C - a scroll of enchant weapon {unknown}
 G - 2 scrolls of magic mapping
Potions
 c - 4 potions of curing
 e - a potion of haste
 f - 3 potions of magic
 g - a potion of berserk rage
 j - 2 potions of flight {unknown}
 m - 2 potions of brilliance {unknown}
 n - a potion of mutation {unknown}
 s - a potion of cancellation {unknown}
 u - 2 potions of degeneration {unknown}
 B - a potion of lignification {unknown}
Miscellaneous
 w - a condenser vane (inert)
 x - a lightning rod (4/4)


   Skills:
 + Level 20.7 Fighting
 + Level 11.0 Long Blades
 + Level 24.2 Axes
 + Level 12.2 Armour
 + Level 10.7 Dodging
 + Level 3.2 Stealth
 + Level 3.1 Evocations


You had 11 spell levels left.
You didn't know any spells.
Your spell library was empty.

Dungeon Overview and Level Annotations

Branches:
Dungeon (1/1)

Altars:
Cheibriados
Dithmenos
Elyvilon
Fedhas
Gozag
Hepliaklqana
Kikubaaqudgha
Makhleb
Nemelex Xobeh
Okawaru
Qazlal
Ru
Sif Muna
Trog
Uskayaw
Vehumet
Wu Jian
Xom
Yredelemnul
Zin
The Shining One
Jiyva
Lugonu

Shops:
D [!=*[*=[*****:*((:[[(

Annotations:
D Tiamat


Innate Abilities, Weirdness & Mutations

You have a pair of horns on your head.
You reflexively headbutt those who attack you in melee.
You have sharp toenails.
You are agile. (Dex +2)
You tend to lose your temper in combat.
Your body sometimes deteriorates upon taking damage.
You are frail. (-10% HP)
Your magical capacity is very low. (-20% MP)
You are strong-willed. (Will+)
You occasionally shout uncontrollably at your foes.
Potions are less effective at restoring your health.
You sometimes lose the ability to read scrolls when taking damage.


Message History

The blast of poison engulfs you but does no damage.
You resist.
The shadow dragon bites you but does no damage.
The shadow dragon closely misses you.
The shadow dragon claws you but does no damage.
The golden dragon breathes fire at you.
The bolt of fire hits you but does no damage.
The shadow dragon barely misses you.
The shadow dragon claws you but does no damage. x2
You hit the shadow dragon but do no damage.
The shadow dragon is moderately wounded.
The golden dragon bites you but does no damage.
The golden dragon claws you but does no damage.
The golden dragon barely misses you.
The shadow dragon breathes negative energy at you.
The bolt of negative energy hits you.
You feel drained.
* * * LOW HITPOINT WARNING * * *
The golden dragon breathes cold at you. The bolt of cold hits you!! You resist.
* * * LOW HITPOINT WARNING * * *
Your body deteriorates!
You feel dopey. The shadow dragon barely misses you.
The shadow dragon claws you but does no damage. x2
Your system partially rejects the healing.
You feel much better. The golden dragon closely misses you.
You furiously retaliate!
You headbutt the golden dragon. The golden dragon misses you.
The golden dragon tramples you but does no damage.
The shadow dragon bites you!
* * * LOW HITPOINT WARNING * * *
You feel drained.
The shadow dragon claws you but does no damage.
The shadow dragon closely misses you.
Clouds of freezing vapour condense around you!
The condenser dries out!
The golden dragon bites you.
* * * LOW HITPOINT WARNING * * *
The golden dragon claws you.
* * * LOW HITPOINT WARNING * * *
The golden dragon tramples you.
You die...

#,!!##,,#§§.§.#,,,*,,,,*
##$$$#,,##§.§§#,∩,*,,,,*
.###$#,,≈###'##,,,*,,,,*
§#A#$#,,≈,,#[####+#,,,,*
.###$#,,≈,##'#§§§§##,,,*
##..$#,,≈##.§..§§..##,,*
.#+###,,≈#§.§§§§§.§.#,,*
...#,≈,,*#§§§§§D§..§##,*
##.#,≈,,#..§§§§D@....#,*
.#.#**,,#§...§§§§....#,*
.#.#,+,,##§§....°...##,*
##'#,**+*#§$§$$$$$$$#,,*
...#,*≈≈≈##$§$$$$$$##,,*
####,*≈≈≈≈##/)??($##,,,*
#,,,,*≈≈≈≈≈########,,,,*
,,,****≈≈≈≈*≈≈≈≈≈*,,,,,*
,,^*,,*+≈≈≈+≈≈,≈≈',,,,,*


You could see a shadow dragon (catching breath) and a golden dragon (catching
breath).

Vanquished Creatures
  4 fire giants (D)
  A lorocyproca (D)
  A hydra (D)
  2 centaur warriors (D)
  Sonja (D)
  A deep troll (D)
  A lindwurm (D)
  8 shining eyes (D)
  An oklob plant (D)
  A gargoyle (D)
  7 unseen horrors (D)
  2 kobold demonologists (D)
  4 demonic crawlers (D)
  A hornet (D)
  A slime creature (D)
  Sigmund (D)
  A yak (D)
  13 hogs (D)
  2 redbacks (D)
  7 floating eyes (D)
  7 necrophages (D)
  An ogre (D)
  8 jellies (D)
  Ijyb (D)
  A ballistomycete spore (D)
78 creatures vanquished.

Vanquished Creatures (others)
  A ballistomycete spore (D)
1 creature vanquished.

Grand Total: 79 creatures vanquished

Notes
Turn   | Place    | Note
-------+----------+-------------------------------------------
     0 | D        | boopmooplesden the Minotaur Berserker began the quest for
                  | the Orb.
     0 | D        | Reached XP level 1. HP: 19/19 MP: 0/0
     1 | D        | Noticed Ijyb
    11 | D        | Killed Ijyb
    12 | D        | Reached skill level 5 in Fighting
    12 | D        | Reached skill level 5 in Axes
    12 | D        | Reached XP level 2. HP: 22/29 MP: 1/1
   152 | D        | Noticed an ogre
   156 | D        | Killed an ogre
   157 | D        | Reached skill level 7 in Axes
   157 | D        | Reached XP level 3. HP: 39/39 MP: 2/2
   157 | D        | Reached XP level 4. HP: 47/47 MP: 3/3
   193 | D        | Noticed Sigmund
   205 | D        | Killed Sigmund
   205 | D        | Reached ** piety under Trog
   206 | D        | Reached skill level 9 in Axes
   206 | D        | Reached skill level 5 in Armour
   206 | D        | Reached skill level 5 in Dodging
   206 | D        | Reached XP level 5. HP: 39/58 MP: 4/4
   261 | D        | Found a burning altar of Makhleb.
   261 | D        | Found a viscous altar of Jiyva.
   261 | D        | Found a shimmering altar of Xom.
   261 | D        | Found a corrupted altar of Lugonu.
   261 | D        | Noticed a slime creature
   268 | D        | Killed a slime creature
   269 | D        | Reached skill level 11 in Axes
   269 | D        | Reached XP level 6. HP: 62/68 MP: 5/5
   381 | D        | Noticed a kobold demonologist
   381 | D        | Noticed a floating eye
   383 | D        | Noticed a kobold demonologist
   388 | D        | Killed a kobold demonologist
   389 | D        | Reached skill level 12 in Axes
   389 | D        | Reached XP level 7. HP: 78/78 MP: 6/6
   389 | D        | Noticed a red devil
   392 | D        | Killed a kobold demonologist
   392 | D        | Reached *** piety under Trog
   393 | D        | Reached skill level 13 in Axes
   393 | D        | Reached XP level 8. HP: 86/86 MP: 7/7
   401 | D        | Found an ornate altar of the Wu Jian Council.
   401 | D        | Found a shimmering blue altar of Sif Muna.
   403 | D        | Found a radiant altar of Vehumet.
   438 | D        | Found Yvih's Assorted Antiques.
   438 | D        | Found an ancient bone altar of Kikubaaqudgha.
   438 | D        | Found a hazy altar of Hepliaklqana.
   438 | D        | Found a stormy altar of Qazlal.
   438 | D        | Found a hide-covered altar of Uskayaw.
   438 | D        | Found a blossoming altar of Fedhas.
   438 | D        | Found a bloodstained altar of Trog.
   438 | D        | Found an iron altar of Okawaru.
   438 | D        | Found a basalt altar of Yredelemnul.
   438 | D        | Found a glowing golden altar of the Shining One.
   438 | D        | Found a snail-covered altar of Cheibriados.
   438 | D        | Found a sacrificial altar of Ru.
   438 | D        | Found a glowing silver altar of Zin.
   438 | D        | Found a shadowy altar of Dithmenos.
   438 | D        | Found a white marble altar of Elyvilon.
   452 | D        | Found an opulent altar of Gozag.
   453 | D        | Found a sparkling altar of Nemelex Xobeh.
   457 | D        | Bought a glowing peridot ring for 140 gold pieces
   458 | D        | Bought a scroll labelled PETRIATOGU for 28 gold pieces
   458 | D        | Bought a scroll labelled OSISHR SITOKHE for 28 gold pieces
   458 | D        | Bought an amethyst potion for 25 gold pieces
   459 | D        | Acquired a +2 executioner's axe of draining
   553 | D        | Noticed a centaur warrior
   553 | D        | Noticed a centaur warrior
   560 | D        | Killed a centaur warrior
   560 | D        | Reached **** piety under Trog
   561 | D        | Reached skill level 15 in Axes
   562 | D        | Killed a centaur warrior
   563 | D        | Reached skill level 15 in Fighting
   563 | D        | Reached skill level 16 in Axes
   563 | D        | Reached XP level 9. HP: 99/99 MP: 8/8
   821 | D        | Noticed an oklob plant
   825 | D        | Killed an oklob plant
   826 | D        | Reached skill level 1 in Stealth
   834 | D        | Reached ***** piety under Trog
   836 | D        | Reached skill level 17 in Axes
  1180 | D        | Noticed a deep troll
  1187 | D        | Killed a deep troll
  1214 | D        | Found Xointuas's Armour Emporium.
  1354 | D        | Killed an unseen horror
  1355 | D        | Reached XP level 10. HP: 98/111 MP: 9/9
  1356 | D        | Reached skill level 18 in Axes
  1523 | D        | Received a gift from Trog
  1524 | D        | Reached ****** piety under Trog
  1538 | D        | Reached skill level 10 in Dodging
  1544 | D        | Received a gift from Trog
  1549 | D        | Reached skill level 19 in Axes
  1569 | D        | Found Quri's Antique Armour Shoppe.
  1569 | D        | Found Ofocos's Jewellery Shop.
  1569 | D        | Found Bynuapt's General Store.
  1571 | D        | Found Zaciw's General Store.
  1571 | D        | Found Myntoatz's Assorted Antiques.
  1571 | D        | Found Baedisakk's General Store.
  1571 | D        | Found Xeup's General Store.
  1571 | D        | Found Ozum's Book Emporium.
  1571 | D        | Found Eragg's Assorted Antiques.
  1571 | D        | Found Kynos's Weapon Shoppe.
  1574 | D        | Found Fexea's Antique Weapon Boutique.
  1577 | D        | Found Cuodosis's Antique Armour Emporium.
  1577 | D        | Found Kyekooti's Book Boutique.
  1578 | D        | Bought a dented golden amulet for 90 gold pieces
  1583 | D        | Found Ohosexza's Weapon Emporium.
  1587 | D        | Bought a scroll labelled TIBIFI DEASM for 22 gold pieces
  1587 | D        | Bought a scroll labelled TIBIFI DEASM for 22 gold pieces
  1587 | D        | Bought a scroll labelled TIBIFI DEASM for 22 gold pieces
  1590 | D        | Bought a pair of embroidered boots for 165 gold pieces
  1633 | D        | Noticed Sonja
  1639 | D        | Killed Sonja
  1787 | D        | Found Luf Giovecw's Armour Boutique.
  1795 | D        | Bought the +9 scales of the Dragon King {rPois rF+ rC+
                  | Will+} for 1248 gold pieces
  1795 | D        | Found the +9 scales of the Dragon King {rPois rF+ rC+
                  | Will+}
  1806 | D        | Noticed a shining eye
  1806 | D        | Noticed a shining eye
  1806 | D        | Noticed a shining eye
  1807 | D        | Paralysed by a floating eye for 2 turns
  1810 | D        | Gained mutation: You are strong-willed. (Will+) [a shining
                  | eye]
  1811 | D        | Noticed a shining eye
  1811 | D        | Noticed a shining eye
  1811 | D        | Noticed a shining eye
  1811 | D        | Gained mutation: Your magical capacity is low. (-10% MP) [a
                  | shining eye]
  1811 | D        | Gained mutation: You are agile. (Dex +2) [a shining eye]
  1813 | D        | Gained mutation: You sometimes lose the ability to read
                  | scrolls when taking damage. [a shining eye]
  1813 | D        | Gained mutation: Your magical capacity is very low. (-20%
                  | MP) [a shining eye]
  1814 | D        | Killed a shining eye
  1814 | D        | Received a gift from Trog
  1815 | D        | Reached skill level 20 in Axes
  1815 | D        | Reached skill level 1 in Evocations
  1815 | D        | Paralysed by a floating eye for 3 turns
  1815 | D        | Gained mutation: Your body sometimes deteriorates upon
                  | taking damage. [a shining eye]
  1818 | D        | Gained mutation: You occasionally shout uncontrollably at
                  | your foes. [a shining eye]
  1819 | D        | Killed a shining eye
  1820 | D        | Killed a shining eye
  1821 | D        | Gained mutation: You tend to lose your temper in combat. [a
                  | shining eye]
  1822 | D        | Killed a shining eye
  1822 | D        | Killed a shining eye
  1823 | D        | Reached skill level 21 in Axes
  1823 | D        | Reached XP level 11. HP: 121/121 MP: 7/7
  1823 | D        | Noticed a shining eye
  1823 | D        | Noticed a shining eye
  1824 | D        | Gained mutation: Potions are less effective at restoring
                  | your health. [a shining eye]
  1825 | D        | Killed a shining eye
  1829 | D        | Gained mutation: You have sharp toenails. [a shining eye]
  1831 | D        | Killed a shining eye
  1834 | D        | Gained mutation: You are frail. (-10% HP) [a shining eye]
  1837 | D        | Killed a shining eye
  1842 | D        | Found Axkutif's Armour Shop.
  1842 | D        | Found Fefiuw's General Store.
  1843 | D        | Found Tell's Distillery.
  1843 | D        | Found Duobre's Jewellery Emporium.
  1849 | D        | Bought a +2 cloak of stealth for 215 gold pieces
  1904 | D        | Received a gift from Trog
  1905 | D        | Reached skill level 22 in Axes
  1912 | D        | Reached skill level 10 in Armour
  1937 | D        | Noticed a lindwurm
  1943 | D        | Killed a lindwurm
  1957 | D        | Received a gift from Trog
  1960 | D        | Reached skill level 23 in Axes
  1971 | D        | Received a gift from Trog
  1989 | D        | Noticed a 12-headed hydra
  1990 | D        | Paralysed by a floating eye for 3 turns
  1995 | D        | Killed a nine-headed hydra
  1996 | D        | Reached skill level 1 in Long Blades
  1996 | D        | Received a gift from Trog
  2215 | D        | Noticed a daeva
  2227 | D        | Reached skill level 24 in Axes
  2580 | D        | Noticed a fire giant
  2586 | D        | Killed a fire giant
  2587 | D        | Reached XP level 12. HP: 120/120 MP: 8/8
  2651 | D        | Noticed a fire giant
  2651 | D        | Noticed a fire giant
  2652 | D        | Noticed a fire giant
  2658 | D        | Killed a fire giant
  2658 | D        | Received a gift from Trog
  2661 | D        | Killed a fire giant
  2665 | D        | Killed a fire giant
  2666 | D        | Reached skill level 10 in Long Blades
  2679 | D        | Identified the +1 scale mail "Utoghorr" {rPois rC+ SInv}
  2686 | D        | Found the +4 dragonskin cloak
  2686 | D        | Noticed Tiamat
  2878 | D        | Killed a lorocyproca
  3278 | D        | Bought the +2 ring mail "Ujuh" {rElec rF- Str+7} for 357
                  | gold pieces
  3597 | D        | Noticed a shadow dragon
  3598 | D        | Noticed a golden dragon
  3598 | D        | Found the +1 robe of Vines {NoPotionHeal Regen++++}
  3614 | D        | HP: 1/111 [golden dragon (5)]
  3614 | D        | Slain by a golden dragon

Illustrated notes

Levels and vault maps discovered:
D:        dungeon_sprint_1 [red_sonja_temple_1, red_sonja_temple_small_1]

Skill      XL: |  1  2  3  4  5  6  7  8  9 10 11 12 |
---------------+-------------------------------------+-----
Fighting       | 5 7 9 11 12 13 15 17 18 20 | 20.7
Axes           | 5 7 9 11 12 13 16 17 21 24 | 24.2
Armour         | 3 4 5 6 7 8 9 11 12 | 12.2
Dodging        | 3 5 6 7 8 9 10 | 10.7
Stealth        | 1 2 3 |  3.2
Evocations     | 1 3 |  3.1
Long Blades    | 6 11 | 11.0

Action                   |  1- 3 |  4- 6 |  7- 9 | 10-12 || total
-------------------------+-------+-------+-------+-------++-------
Melee: Hand axe          |    11 |    21 |    19 |       ||    51
       Headbutt          |       |     2 |     8 |    28 ||    38
       Executioner's axe |       |       |    27 |    84 ||   111
       Punch             |       |       |     1 |       ||     1
       Triple sword      |       |       |       |    40 ||    40
Invok: Berserk           |     2 |     3 |     3 |     6 ||    14
Evoke: Lightning rod     |       |       |       |     4 ||     4
       Condenser vane    |       |       |       |     2 ||     2
  Use: Scroll            |       |       |     2 |       ||     2
       Potion            |       |       |       |     1 ||     1
 Stab: Confused          |       |       |       |     1 ||     1
Armor: Leather armour    |       |       |    11 |     5 ||    16
       Gold dragon scale |       |       |       |   113 ||   113
Dodge: Dodged            |     4 |     4 |    26 |    94 ||   128
